 Dungeon Crawl Stone Soup version 0.27.0-1-g7a089689b8 (webtiles) character file.

Game seed: 16359817793460569415

61211 shoop the Spear-Bearer (level 15, -4/107 HPs)
             Began as a Djinni Conjurer on July 31, 2021.
             Was a High Priest of Yredelemnul.
             Killed from afar by an electric eel (13 damage)
             ... with a bolt of electricity
             ... on level 6 of the Lair of Beasts.
             The game lasted 01:12:56 (19653 turns).

shoop the Spear-Bearer (Djinni Conjurer)           Turns: 19653, Time: 01:12:58

Health: -4/107     AC: 10    Str: 11    XL:     15   Next: 41%
Gold:   819        EV: 12    Int: 20    God:    Yredelemnul [*****.] SH:  0 Dex: 13

rFire    + + .     SeeInvis .   N - +7 glaive of the Warrior-Mage {vamp, rC+ rCorr Stlth+}
rCold    . . .     Faith    .   (shield currently unavailable)
rNeg     . . .     Spirit   .   A - +3 leather armour of Pandemonium {Regen+}
rPois    ∞         Reflect  .   d - +1 helmet
rElec    .         Harm     .   n - +0 cloak
rCorr    +         Rampage  .   a - +0 pair of gloves
Will     ++...                  (boots unavailable)
Stlth    +++.......             S - amulet of regeneration
HPRegen  2.27/turn              O - ring of willpower
MPRegen  0.00/turn              (no ring)

@: flying, very slightly contaminated
A: sickness immunity, fire resistance 2, cold vulnerability 1, float, innate
caster, hp casting, extra vitality 1
a: Renounce Religion, Recall Undead Slaves, Injury Mirror, Animate Dead, Drain
Life, Enslave Soul


You were on level 6 of the Lair of Beasts.
You worshipped Yredelemnul.
Yredelemnul was extremely pleased with you.
You visited 4 branches of the dungeon, and saw 22 of its levels.
You also visited: Ossuary and Bailey.

You collected 1703 gold pieces.
You spent 884 gold pieces at shops.

Inventory:

Hand Weapons
 N - the +7 glaive of the Warrior-Mage (weapon) {vamp, rC+ rCorr Stlth+}
   (You bought it in a shop on level 8 of the Dungeon)

   It occasionally heals its wielder for a portion of the damage dealt when it
   wounds a living foe.
   rC:        It protects you from cold.
   rCorr:     It protects you from acid and corrosion.
   Stlth:     It makes you more stealthy.
 U - a +1 longbow of freezing
Missiles
 P - 55 boomerangs
Armour
 a - a +0 pair of gloves (worn)
 d - a +1 helmet (worn)
 n - a +0 cloak (worn)
 A - the +3 leather armour of Pandemonium (worn) {Regen+}
   (You found it on level 5 of the Dungeon)

   Regen:     It increases your rate of health regeneration.
 F - a scarf of repulsion
Jewellery
 b - a ring of protection from cold
 j - a ring of positive energy
 y - a ring of protection from fire
 O - a ring of willpower (left hand)
 S - an amulet of regeneration (around neck)
Wands
 o - a wand of polymorph (10)
 q - a wand of paralysis (8)
 G - a wand of iceblast (2)
 I - a wand of acid (16)
 M - a wand of flame (67)
 Z - a wand of charming (5)
Scrolls
 f - 2 scrolls of vulnerability
 k - 4 scrolls of blinking
 m - 5 scrolls of immolation
 p - a scroll of fog
 r - 2 scrolls of fear
 s - 2 scrolls of enchant weapon
 t - 4 scrolls of noise
 x - 7 scrolls of teleportation
 Q - 3 scrolls of enchant armour
 R - a scroll of acquirement
 T - a scroll of torment
 V - 3 scrolls of summoning
 W - 2 scrolls of magic mapping
 X - a scroll of silence
Potions
 c - 13 potions of curing
 e - 5 potions of haste
 g - 6 potions of heal wounds
 h - 2 potions of resistance
 i - 4 potions of lignification
 l - 4 potions of brilliance {unknown}
 u - a potion of berserk rage
 v - 5 potions of degeneration {unknown}
 w - 4 potions of flight {unknown}
 z - 2 potions of mutation
 C - 3 potions of cancellation
 D - a potion of invisibility {unknown}
 E - 2 potions of ambrosia
 H - 3 potions of magic {unknown}
 J - 3 potions of attraction
 L - 5 potions of might
Miscellaneous
 B - a box of beasts


   Skills:
 - Level 10.0 Fighting
 * Level 14.3 Polearms
 - Level 2.0 Armour
 - Level 4.0 Dodging
 - Level 2.0 Stealth
 - Level 10.0 Spellcasting
 + Level 9.9 Invocations
 - Level 3.0 Evocations


You couldn't memorise any spells.
You knew the following spells:

 Your Spells              Type           Power      Damage    Failure   Level
a - Magic Dart            Conj           100%       1d8       1%          1
b - Searing Ray           Conj           100%       3d7       1%          2
c - Dazzling Flash        Conj/Hex       100%       N/A       1%          3
d - Fulminant Prism       Conj/Hex       25%        3d14      1%          4
e - Iskenderun's Mystic   Conj/Tloc      50%        2d11      1%          4
f - Pain                  Necr           100%       1d9       1%          1
g - Slow                  Hex            50%        N/A       1%          2
h - Ozocubu's Armour      Ice            50%        N/A       1%          3
i - Ignite Poison         Fire/Tmut/Pois 50%        N/A       1%          3
j - Leda's Liquefaction   Hex/Erth       25%        N/A       1%          4
k - Manifold Assault      Tloc           50%        N/A       4%          5
l - Statue Form           Tmut/Erth      33%        N/A       22%         6
Your spell library was empty.

Dungeon Overview and Level Annotations

Branches:
Dungeon (13/15)            Temple (1/1) D:4            Lair (6/6) D:10
  Swamp (0/4) Lair:3        Snake (0/4) Lair:2          Orc (2/2) D:9
Ossuary (visited)          Bailey (visited)
  Slime: Lair:5-6       Elf: Orc:2       Vaults: D:13-14

Altars:
Ashenzari
Elyvilon
Fedhas
Hepliaklqana
Kikubaaqudgha
Nemelex Xobeh
Qazlal
Ru
Uskayaw
Wu Jian
Xom
Yredelemnul
Zin
The Shining One
Beogh

Shops:
D:2 [   D:8 (   D:11 :?!

Annotations:
D:9 3 runed translucent doors, BubbleThief's ghost, novice DsAK; ZPRJase's ghost, novice MiFi
Lair:4 2 runed translucent doors, Bananafolds's ghost, journeyman MfSk
Orc:2 Nessos


Innate Abilities, Weirdness & Mutations

You are immune to sickness and miasma.
You are immune to poison.
Your flesh is very heat resistant. (rF++)
You are vulnerable to cold. (rC-)
You float through the air rather than walking.
You learn spells naturally, not from books.
Your magical power is your life essence.
You have superior vitality. (+4 HP)


Message History

Your cane toad zombie hits the six-headed hydra!
The black mamba barely misses your yak zombie.
Your dream sheep zombie bites the six-headed hydra.
The six-headed hydra bites you!
The six-headed hydra bites you but does no damage.
The six-headed hydra bites you!
* * * LOW HITPOINT WARNING * * *
The six-headed hydra bites you!
* * * LOW HITPOINT WARNING * * *
The six-headed hydra bites you.
* * * LOW HITPOINT WARNING * * *
The six-headed hydra bites you!
* * * LOW HITPOINT WARNING * * *
Unknown command.
Unknown command.
You swap places.
The black mamba barely misses your yak zombie.
Your cane toad zombie barely misses the six-headed hydra.
A blink frog comes into view.
The black mamba bites your dream sheep zombie!
Your water moccasin zombie barely misses the six-headed hydra.
Your death yak zombie gores the six-headed hydra!!
The six-headed hydra dies!
Yredelemnul accepts your kill.
Your yak zombie gores the black mamba!
A yak comes into view.
Okay, then.
A yak comes into view.
The blink frog blinks!
The black mamba bites your yak zombie. The yak gores your yak zombie!
Your yak zombie gores the black mamba.
Your dream sheep zombie misses the black mamba.
A blink frog comes into view.
Your death yak zombie gores the plant!
The plant begins to die.
The black mamba bites your yak zombie!
Your yak zombie gores the yak.
The electric eel shoots out a bolt of lightning at you!
The bolt of electricity hits your dream sheep zombie!
The bolt of electricity hits your cane toad zombie!
The bolt of electricity hits you!
You die...
Your body rises from the dead as a mindless zombie.

≈≈Y≈≈≈.... .$.
≈≈≈;F≈≈... ......
.≈≈≈≈....# .......
..≈.....# .......
..≈#...## ##.......
#..Z..####.........
#.PZZZZ##SY.........
#.Z@Z.ZZZY......(.
###P##..Z.......#
######Z.......#
##..........##
#.....Z......#
#..ZZZ.Z....#
##PZZZ..)...#
####........##
#..#.........#


You could see an elephant, a black mamba (ally target), 2 yaks, a blink frog, an
electric eel (ally target), a friendly water moccasin zombie, 4 friendly yak
zombies, a friendly death yak zombie, a friendly cane toad zombie, a friendly
torpor snail zombie and 4 friendly dream sheep zombies.

Vanquished Creatures
  Gastronok (D:11)
  An orc warlord (Bailey)
  Snorg (D:11)
  A hydra (Lair:6)
  Erolcha (D:11)
  Erica (D:11)
  3 two-headed ogres
  10 death yaks
  3 skeletal warriors (D:11)
  Pikel (D:6)
  A phantasmal warrior (Lair:5)
  A deep elf pyromancer (D:13)
  An orc sorcerer (Orc:2)
  An ugly thing (D:13)
  A cyclops (Orc:2)
  4 black mambas
  2 gargoyles
  An unseen horror (D:13)
  2 torpor snails
  2 cane toads (Lair:5)
  An efreet (D:13)
  4 kobold demonologists
  2 komodo dragons
  A rime drake (Lair:4)
  3 trolls
  A tyrant leech (Lair:3)
  2 hornets
  Prince Ribbit (D:8)
  4 blink frogs
  A polar bear (Lair:2)
  14 dream sheep (Lair:6)
  A flying skull (Lair:4)
  3 wyverns
  A shadow (D:10)
  41 yaks
  A wraith (D:12)
  3 basilisks
  2 vampires
  7 vampire mosquitoes
  5 steam dragons
  Edmund (D:5)
  4 acid dragons
  A swamp worm (Lair:3)
  A naga (D:7)
  Duvessa (D:6)
  9 water moccasins
  An ice beast (D:6)
  11 orc warriors
  A necrophage (D:5)
  2 sky beasts
  5 ogres
  15 wolves
  A phantom (D:5)
  5 centaurs
  5 kobold brigands
  6 bullfrogs
  An elf skeleton (D:5)
  2 scorpions
  A water moccasin zombie (D:5)
  Dowan (D:6)
  15 killer bees
  10 wights
  2 vampire bats (D:3)
  4 howler monkeys
  An electric eel (D:8)
  4 centaur zombies
  2 centaur skeletons
  2 human zombies (D:5)
  4 jellies
  A gnoll shaman (D:6)
  2 hounds
  8 orc priests
  2 bullfrog skeletons
  Jessica (D:3)
  Ijyb (D:4)
  An ugly thing zombie (D:13)
  An iguana (D:7)
  9 orc wizards
  5 hell rats (Lair:3)
  3 mummies (Ossuary)
  6 gnolls
  8 adders
  A two-headed ogre zombie (D:11)
  2 white imps (D:6)
  5 ufetubi
  8 adder zombies
  2 dart slugs
  52 orcs
  An acid dragon zombie (D:13)
  7 ball pythons
  2 bats (D:1)
  3 bat skeletons (D:3)
  2 bat zombies (D:3)
  4 endoplasms
  2 giant cockroaches
  14 goblins
  11 hobgoblins
  12 jackals (D:1)
  22 kobolds
  2 quokkas
  6 frilled lizards
  4 goblin zombies (Ossuary)
  A hobgoblin zombie (Ossuary)
  A hound zombie (D:6)
  2 howler monkey zombies
  3 killer bee zombies (D:11)
  6 kobold zombies
  4 orc skeletons (D:5)
  9 orc zombies
  A quokka zombie (Ossuary)
  5 rats
497 creatures vanquished.

Vanquished Creatures (collateral kills)
  3 hydras
  A lindwurm (Lair:4)
  3 elephants (Lair:4)
  2 cane toads
  3 rime drakes
  A komodo dragon (Lair:2)
  11 blink frogs
  3 dream sheep (Lair:6)
  A wraith (D:12)
  11 yaks
  A swamp worm (Lair:3)
  6 water moccasins
  An acid dragon (D:8)
  An ice beast (D:8)
  4 wolves (Lair:3)
  2 centaurs
  2 kobold brigands (D:11)
  4 bullfrogs
  A killer bee (D:11)
  A wight (D:9)
  An orc priest (D:8)
  3 orc wizards
  4 orcs
  A kobold (Bailey)
  A bush (Lair:5)
72 creatures vanquished.

Vanquished Creatures (others)
  A spectral orc (Lair:4)
  4 flying skulls (Lair:4)
  A vampire (Lair:6)
  A wraith (D:11)
  A wight (D:8)
  An orc wizard (D:12)
  A hydra zombie (Lair:6)
  A black mamba zombie (Lair:6)
  2 mummies
  A vampire mosquito zombie (D:11)
  9 wolf zombies
  2 blink frog zombies
  4 dream sheep zombies (Lair:6)
  An elephant zombie (Lair:4)
  An elf zombie (D:13)
  A two-headed ogre zombie (D:8)
  3 water moccasin zombies
  7 yak zombies
  2 howler monkey zombies (D:9)
  An ogre zombie (Orc:1)
  An acid dragon zombie (D:13)
  An adder zombie (D:6)
  2 bullfrog zombies
  3 centaur zombies
  A gnoll zombie (Bailey)
  A goblin zombie (Bailey)
  2 hobgoblin zombies (Bailey)
  A hound zombie (D:7)
  7 killer bee zombies
  14 kobold zombies
  8 orc zombies
  A steam dragon zombie (D:7)
  A wyvern zombie (D:7)
  A bush (Lair:6)
  99 fulminant prisms
  54 fungi
  69 plants
  6 withered plants (D:9)
317 creatures vanquished.

Grand Total: 886 creatures vanquished

Notes
Turn   | Place    | Note
-------+----------+-------------------------------------------
     0 | D:1      | shoop the Djinni Conjurer began the quest for the Orb.
     0 | D:1      | Reached XP level 1. HP: 15/15 MP: 0/0
   118 | D:1      | Reached XP level 2. HP: 4/21 MP: 0/0
   816 | D:1      | Reached XP level 3. HP: 22/25 MP: 0/0
   816 | D:1      | Learned a level 1 spell: Pain
  2498 | D:2      | Found Zoetot's Antique Armour Emporium.
  2738 | D:2      | Reached XP level 4. HP: 28/31 MP: 0/0
  3558 | D:3      | Noticed Jessica
  3562 | D:3      | Killed Jessica
  3593 | D:3      | Reached XP level 5. HP: 28/36 MP: 0/0
  3593 | D:3      | Learned a level 2 spell: Slow
  4303 | D:3      | Reached skill level 5 in Spellcasting
  4412 | D:3      | Reached XP level 6. HP: 39/41 MP: 0/0
  4629 | D:4      | Noticed Ijyb
  4637 | D:4      | Killed Ijyb
  5166 | D:4      | Reached XP level 7. HP: 39/46 MP: 0/0
  5166 | D:4      | Learned a level 3 spell: Ozocubu's Armour
  5232 | D:4      | Found a sparkling altar of Nemelex Xobeh.
  5249 | D:4      | Found an ornate altar of the Wu Jian Council.
  5249 | D:4      | Found a hazy altar of Hepliaklqana.
  5366 | D:4      | Found a staircase to the Ecumenical Temple.
  5373 | Temple   | Entered the Ecumenical Temple
  5395 | Temple   | Became a worshipper of Yredelemnul the Dark
  5561 | D:4      | Reached skill level 1 in Polearms
  6101 | D:5      | Entered Level 5 of the Dungeon
  6205 | D:5      | Found a broken altar of Ashenzari.
  6330 | D:5      | Found a sand-covered staircase.
  6423 | Ossuary  | Entered an ossuary
  6467 | Ossuary  | Reached * piety under Yredelemnul
  6892 | D:5      | Reached skill level 1 in Fighting
  7023 | D:5      | Reached XP level 8. HP: 26/52 MP: 0/0
  7198 | D:5      | Reached skill level 1 in Invocations
  7198 | D:5      | Reached skill level 1 in Evocations
  7782 | D:5      | Identified the +3 leather armour of Pandemonium {Regen+}
  7827 | D:5      | Reached ** piety under Yredelemnul
  7828 | D:5      | Reached skill level 1 in Armour
  7891 | D:5      | Noticed Edmund
  7898 | D:5      | Killed Edmund
  8025 | D:5      | Your ally Edmund died
  8026 | D:5      | Reached XP level 9. HP: 46/57 MP: 0/0
  8026 | D:5      | Learned a level 3 spell: Ignite Poison
  8748 | D:6      | Noticed Dowan
  8757 | D:6      | Noticed Duvessa
  8757 | D:6      | Killed Dowan
  8765 | D:6      | Killed Duvessa
  8893 | D:6      | Noticed Pikel
  8913 | D:6      | Killed Pikel
  8914 | D:6      | Reached XP level 10. HP: 59/62 MP: 0/0
  9028 | D:6      | You are sucked into a shaft and drop 1 floor!
  9034 | D:7      | Reached *** piety under Yredelemnul
  9035 | D:7      | Reached skill level 10 in Spellcasting
  9039 | D:7      | Reached skill level 5 in Invocations
  9042 | D:7      | Reached skill level 5 in Fighting
  9363 | D:7      | Reached XP level 11. HP: 55/76 MP: 0/0
  9363 | D:7      | Learned a level 4 spell: Leda's Liquefaction
  9504 | D:7      | Found Fafic's Armour Emporium.
  9542 | D:7      | Noticed Joseph
  9550 | D:7      | Noticed Joseph
  9550 | D:7      | Joseph changed into Joseph the naga
  9575 | D:7      | Killed Joseph the naga
 10523 | D:8      | Noticed Prince Ribbit
 10531 | D:8      | Killed Prince Ribbit
 10627 | D:8      | Found Ynebbit's Antique Weapon Shop.
 10707 | D:8      | Received a gift from Yredelemnul (a mummy)
 10726 | D:8      | Reached **** piety under Yredelemnul
 10726 | D:8      | Received a gift from Yredelemnul (a wight)
 10868 | D:8      | Noticed a two-headed ogre
 10878 | D:8      | Killed a two-headed ogre
 11018 | D:8      | Reached skill level 10 in Fighting
 11158 | D:8      | Bought an ichor-stained glaive for 310 gold pieces
 11158 | D:8      | Identified the +7 glaive of the Warrior-Mage {vamp, rC+
                  | rCorr Stlth+} (You bought it in a shop on level 8 of the
                  | Dungeon)
 11204 | D:9      | Reached skill level 2 in Polearms
 11254 | D:9      | Found a staircase to the Orcish Mines.
 11382 | D:9      | Reached skill level 3 in Polearms
 11401 | D:9      | Found a runed translucent gate.
 11401 | D:9      | Found a runed translucent gate.
 11401 | D:9      | Found a runed translucent gate.
 11403 | D:9      | Noticed ZPRJase's ghost (novice MiFi)
 11404 | D:9      | Noticed BubbleThief's ghost (novice DsAK)
 11592 | D:9      | Found a flagged portal.
 11609 | Bailey   | Entered a bailey
 11614 | Bailey   | Noticed an orc warlord
 11669 | Bailey   | Reached skill level 4 in Polearms
 11677 | Bailey   | Reached XP level 12. HP: 86/91 MP: 0/0
 11677 | Bailey   | Received a gift from Yredelemnul (a wight)
 11688 | Bailey   | Found a runed translucent gate.
 11688 | Bailey   | Found a runed translucent gate.
 11688 | Bailey   | Found a runed translucent gate.
 11797 | Bailey   | Killed an orc warlord
 11798 | Bailey   | Reached skill level 5 in Polearms
 11973 | Bailey   | Reached skill level 9 in Polearms
 11973 | Bailey   | Reached XP level 13. HP: 96/96 MP: 0/0
 11973 | Bailey   | Learned a level 5 spell: Manifold Assault
 12357 | D:10     | Entered Level 10 of the Dungeon
 12403 | Orc:1    | Entered Level 1 of the Orcish Mines
 12604 | Orc:2    | Entered Level 2 of the Orcish Mines
 12708 | Orc:2    | Noticed Nessos
 12885 | D:10     | Reached skill level 10 in Polearms
 12997 | D:10     | Found a white marble altar of Elyvilon.
 13071 | D:10     | Found a staircase to the Lair.
 13105 | D:10     | Reached ***** piety under Yredelemnul
 13351 | D:10     | Received a gift from Yredelemnul (a mummy)
 13669 | D:11     | Received a gift from Yredelemnul (a wight)
 13716 | D:11     | Found Jutril's Distillery.
 13719 | D:11     | Bought a potion of lignification for 33 gold pieces
 13719 | D:11     | Bought a potion of heal wounds for 55 gold pieces
 13719 | D:11     | Bought a potion of curing for 33 gold pieces
 13719 | D:11     | Bought a potion of might for 44 gold pieces
 13719 | D:11     | Bought a potion of ambrosia for 88 gold pieces
 13719 | D:11     | Bought a potion of cancellation for 88 gold pieces
 13719 | D:11     | Bought a potion of attraction for 33 gold pieces
 13847 | D:11     | Reached skill level 11 in Polearms
 13900 | D:11     | Noticed Gastronok
 13979 | D:11     | Killed Gastronok
 14082 | D:11     | Received a gift from Yredelemnul (a wraith)
 14107 | D:11     | Noticed Erolcha
 14125 | D:11     | Killed Erolcha
 14310 | D:11     | Noticed Snorg
 14323 | D:11     | Noticed Erica
 14329 | D:11     | Killed Snorg
 14332 | D:11     | Killed Erica
 14333 | D:11     | Reached XP level 14. HP: 48/103 MP: 0/0
 14360 | D:11     | Found Reaps's Magic Scroll Shoppe.
 14371 | D:11     | Bought a scroll of summoning for 95 gold pieces
 14371 | D:11     | Bought a scroll of blinking for 75 gold pieces
 14371 | D:11     | Bought a scroll of teleportation for 30 gold pieces
 14393 | D:11     | Found Wopluuc's Book Shoppe.
 14646 | D:12     | Received a gift from Yredelemnul (a wraith)
 14926 | D:12     | Identified the +0 robe "Otaqopn" {Int+2}
 15304 | D:13     | Reached skill level 12 in Polearms
 15775 | Lair:1   | Entered Level 1 of the Lair of Beasts
 15806 | Lair:1   | You are sucked into a shaft and drop 1 floor!
 16037 | Lair:2   | Received a gift from Yredelemnul (a phantasmal warrior)
 16059 | Lair:2   | Found a staircase to the Snake Pit.
 16684 | Lair:3   | Noticed Urug
 16828 | Lair:3   | Killed Urug
 16828 | Lair:3   | Enslaved Urug
 17509 | Lair:3   | Received a gift from Yredelemnul (5 flying skulls)
 17628 | Lair:3   | Found a staircase to the Swamp.
 17778 | Lair:4   | Reached skill level 13 in Polearms
 18425 | Lair:4   | Received a gift from Yredelemnul (a wraith)
 18433 | Lair:4   | Your ally Urug died
 18571 | Lair:4   | Found a large runed translucent door.
 18571 | Lair:4   | Found a large runed translucent door.
 18573 | Lair:4   | Noticed Bananafolds's ghost (journeyman MfSk)
 19130 | Lair:5   | Reached XP level 15. HP: 92/107 MP: 0/0
 19130 | Lair:5   | Learned a level 6 spell: Statue Form
 19269 | Lair:5   | Found a glowing silver altar of Zin.
 19519 | Lair:6   | Entered Level 6 of the Lair of Beasts
 19527 | Lair:6   | Reached skill level 14 in Polearms
 19527 | Lair:6   | Received a gift from Yredelemnul (a vampire)
 19650 | Lair:6   | HP: 2/107 [six-headed hydra (10)]
 19653 | Lair:6   | Killed from afar by an electric eel

Illustrated notes

Levels and vault maps discovered:
D:1:      nzn_arrival_depleted_hourglass, layout_basic
D:2:      layout_loops_ring, serial_shops, shop
D:3:      layout_basic, kennysheep_vampire_church, uniq_jessica
D:4:      kennysheep_the_goblin_king, layout_layer_cave,
          nemelex_xobeh_ov_fountains_minmay, grunt_temple_overflow_open,
          minmay_temple_entry_sparse_star, nrook_mini_backslash
D:5:      wad_river_or_something, layout_basic, nicolae_ashenzari_skybound,
          nicolae_ossuary_entry_catacombs, uniq_ijyb, uniq_edmund
D:6:      layout_loops_cross, uniq_duvessa, uniq_pikel
D:7:      layout_loops_ring, serial_shops, nicolae_shop_waterfront,
          solitary_fountain, uniq_joseph
D:8:      layout_gridville, serial_shops, shop, special_room [special_room_orc],
          kennysheep_cross_room, kennysheep_path_1, minivault_1, nicolae_wwwww,
          uniq_prince_ribbit1
D:9:      layout_irregular_city, orc_0_dummy, enter_bailey_2,
          gammafunk_ghost_cemetery
D:10:     layout_irregular_city, elyvilon_altar_5, lair_entry_dummy,
          minmay_fractal_squares_diagonal_5
D:11:     layout_loops_cross, serial_shops, shop, nicolae_shop_behind_doors,
          shop, uniq_snorg, uniq_gastronok, uniq_erica, uniq_erolcha
D:12:     layout_big_octagon
D:13:     layout_rooms
Temple:   eino_temple_scatter_basement
Lair:1:   layout_loops_ring, infiniplex_staircase_pool_2, grunt_megastairs_1,
          uniq_harold, uniq_grum, uniq_maggie
Lair:2:   layout_chaotic_city, guppyfry_snake_entry_garden, grunt_megastairs_4,
          lemuel_fruit_tree
Lair:3:   layout_roguey, minmay_swamp_entry_worms, uniq_urug
Lair:4:   layout_cave_pods, ebering_ghost_disaster_area, serial_bayou_shore_b
Lair:5:   layout_cave_pods, basic_altar, minmay_stone_trees_small
Lair:6:   evilmike_catoblepas_cave, layout_cave_shapes, slime_dummy,
          chequers_serial_rivers_room_a, lemuel_fruit_fields,
          infiniplex_staircase_pool
Orc:1:    layout_caves, basic_altar
Orc:2:    st_orc_congregation, layout_caves, uniq_nessos, uniq_sonja,
          uniq_josephine

Skill      XL: |  1  2  3  4  5  6  7  8  9 10 11 12 13 14 15 |
---------------+----------------------------------------------+-----
Spellcasting   | 4 5 6 7 9 10 | 10.0
Polearms       | 1 4 9 11 13 14 | 14.3
Fighting       | 1 5 10 | 10.0
Stealth        | 2 |  2.0
Invocations    | 3 5 6 9 |  9.9
Evocations     | 3 |  3.0
Armour         | 2 |  2.0
Dodging        | 4 |  4.0

Action                   |  1- 3 |  4- 6 |  7- 9 | 10-12 | 13-15 || total
-------------------------+-------+-------+-------+-------+-------++-------
Melee: Spear             |     2 |    11 |    22 |       |       ||    35
       Dagger            |     1 |       |       |       |       ||     1
       Dire flail        |       |       |    45 |    10 |       ||    55
       Short sword       |       |       |       |    27 |       ||    27
       Glaive            |       |       |       |    50 |   534 ||   584
       War axe           |       |       |       |     5 |       ||     5
 Cast: Magic Dart        |    35 |     9 |   110 |    33 |    38 ||   225
       Searing Ray       |     2 |     7 |    18 |    40 |    19 ||    86
       Pain              |    32 |    42 |    13 |       |       ||    87
       Fulminant Prism   |       |     1 |    16 |    27 |    55 ||    99
       Iskenderun's Myst |       |       |     9 |    22 |    38 ||    69
       Slow              |       |       |     1 |       |       ||     1
       Dazzling Flash    |       |       |       |     1 |       ||     1
       Manifold Assault  |       |       |       |       |     3 ||     3
Invok: Animate Remains   |       |       |     3 |     1 |       ||     4
       Injury Mirror     |       |       |       |     1 |       ||     1
       Animate Dead      |       |       |       |    19 |    50 ||    69
       Recall Undead Sla |       |       |       |     1 |     3 ||     4
       Drain Life        |       |       |       |       |    10 ||    10
       Enslave Soul      |       |       |       |       |     2 ||     2
Evoke: Wand              |       |       |       |     4 |     2 ||     6
  Use: Scroll            |       |       |       |     3 |    11 ||    14
       Potion            |       |       |       |     1 |       ||     1
 Stab: Sleeping          |       |       |     2 |     1 |    10 ||    13
       Invisible         |       |       |       |     1 |       ||     1
       Distracted        |       |       |       |       |    10 ||    10
Armor: Robe              |     1 |    12 |     9 |       |       ||    22
       Leather armour    |       |       |    33 |    55 |   173 ||   261
Dodge: Dodged            |     8 |    27 |    84 |   111 |   308 ||   538
